 Dungeon Crawl Stone Soup version 0.29-a0-542-g075992c915 (webtiles) character file.

Game seed: 1072237033785862667

45 Spectrina the Covert (level 3, -2/22 HPs)
             Began as a Vampire Delver on June 5, 2022.
             Slain by an iguana (12 damage)
             ... on level 4 of the Dungeon.
             The game lasted 00:04:54 (503 turns).

Spectrina the Covert (Vampire Delver)                Turns: 503, Time: 00:04:54

Health: -2/22      AC:  3    Str:  8 (11) XL:     3   Next: 42%
Magic:  3/3        EV: 11    Int:  7 (12) God:
Gold:   98         SH:  0    Dex: 12 (17) Spells: 2/2 levels left

rFire   . . .      SeeInvis +   a - +0 short sword
rCold   + + +      Faith    .   (no shield)
rNeg    + + +      Spirit   .   j - +0 leather armour {rC+}
rPois   ∞          Reflect  .   (no helmet)
rElec   .          Harm     .   (no cloak)
rCorr   .          Rampage  .   (no gloves)
Will    .....                   (no boots)
Stlth   +++++.....              (no amulet)
HPRegen 0.00/turn               (no ring)
MPRegen 0.08/turn               (no ring)

@: bloodless, inhibited regen
A: bloodless, fangs 3, see invisible, vampiric 2
a: Bat Form, Revivify


You were on level 4 of the Dungeon.
You visited 1 branch of the dungeon, and saw 5 of its levels.

You collected 98 gold pieces.

Inventory:

Hand Weapons
 a - a +0 short sword (weapon)
 k - a +0 dagger
Armour
 b - a +0 leather armour
 j - a +0 leather armour of cold resistance (worn)
Magical Staves
 i - a staff of death
Wands
 g - a wand of digging (3)
Scrolls
 c - 2 scrolls of fog
 d - a scroll of magic mapping
 h - 3 scrolls of identify {unknown}
Potions
 e - a potion of magic
 f - a potion of haste


   Skills:
 - Level 2.6 Fighting
 + Level 3.4 Short Blades
 - Level 2.1 Dodging
 + Level 8.2 Stealth


You had 2 spell levels left.
You didn't know any spells.
Your spell library was empty.

Dungeon Overview and Level Annotations

Branches:
Dungeon (8/15)
 Temple: D:4-7         Lair: D:8-11

Altars:

Annotations:
D:6 Eustachio, Pikel
D:8 1 runed translucent door


Innate Abilities, Weirdness & Mutations

You do not regenerate when monsters are visible.
You are frail without blood (-20% HP).
You can heal yourself when you bite living creatures.
You are immune to poison.
You have razor-sharp teeth.
You have supernaturally acute eyesight. (SInv)
You are afflicted with vampirism and can become a bat while bloodless.


Message History

There is a stone staircase leading down here.
Unknown command.
An orc comes into view. It is wielding a +0 club.
Found 2 fizzy emerald potions.
e - 2 fizzy emerald potions
Found a scroll labelled SIVEDANEUC.
An orc comes into view. It is wielding a +0 falchion.
You see here a scroll labelled SIVEDANEUC.
h - 3 scrolls labelled SIVEDANEUC (gained 1)
Found a stone staircase leading up.
Found 8 stones.
There is a stone staircase leading up here.
You feel less batty.
Your +0 short sword unmelds from your body.
Your +0 leather armour of cold resistance unmelds from your body.
You feel resistant to cold.
You climb upwards.
There is a stone staircase leading down here.
An iguana comes into view.
Found a cyan potion.
Unknown command.
Found a dagger.
The iguana hisses angrily.
Unknown command.
Okay, then.
Okay, then.
Okay, then.
You see here a +0 dagger.
k - a +0 dagger It was a potion of magic.
Magic courses through your body.
You hit the iguana.
The iguana is lightly wounded.
You hit the iguana but do no damage. Your bite misses the iguana.
The iguana is lightly wounded.
The iguana bites you.
You barely miss the iguana.
The iguana is lightly wounded.
The iguana bites you!
Ouch! That really hurt!
You die...

...##..## .. #..##..#
##. #..##..# ### ..
#..##..###.##!# ##
#..##.......###..###
#>.................
###................
###########...#..##.##
........@l...##.....
.###########.# .#####
#.# .# #.# .# #.# .#
..# ###


You could see an iguana.

Vanquished Creatures
  A jelly (D:6)
  An adder (D:6)
  A white imp (D:8)
3 creatures vanquished.

Notes
Turn   | Place    | Note
-------+----------+-------------------------------------------
     0 | D:5      | Spectrina the Vampire Delver began the quest for the Orb.
     0 | D:5      | Reached XP level 1. HP: 17/17 MP: 1/1
     8 | D:6      | You fall into a shaft and drop 2 floors!
    65 | D:8      | Found a runed translucent gate.
   180 | D:6      | Noticed a scorpion
   184 | D:6      | Noticed Eustachio
   195 | D:6      | Noticed a necrophage
   258 | D:6      | Noticed a jelly
   260 | D:6      | Reached XP level 2. HP: 18/18 MP: 2/2
   268 | D:6      | Reached skill level 8 in Stealth
   268 | D:6      | Gained mutation: You are afflicted with vampirism and can
                  | become a bat while bloodless. [Vampire growth]
   268 | D:6      | Reached XP level 3. HP: 7/22 MP: 3/3
   300 | D:6      | Noticed a sky beast
   329 | D:6      | Noticed Pikel
   329 | D:6      | Noticed a lemure
   375 | D:7      | Noticed an orc warrior
   503 | D:4      | Slain by an iguana

Illustrated notes

Levels and vault maps discovered:
D:4:      layout_basic, nicolae_elyvilon_peaceful_grove,
          gammafunk_ghost_abyssal_escape, grunt_ministairs_3,
          minmay_goblin_outpost
D:5:      layout_basic, xom_confusion_cloud, general_overflow_altar,
          minmay_temple_entry_wispy, gammafunk_ghost_nasty_kobolds
D:6:      layout_basic, kennysheep_donut, minmay_manual_moon, uniq_eustachio,
          uniq_pikel
D:7:      layout_basic, nicolae_fountain_basement
D:8:      layout_basic, gammafunk_ghost_cemetery, fountainhead

Skill      XL: |  1  2 |
---------------+-------+-----
Short Blades   | 3 |  3.4
Stealth        | 8 |  8.2
Fighting       | |  2.6
Dodging        | |  2.1

Action                   || total
-------------------------++-------
Melee: Short sword       ||    11
       Bite              ||     1
 Abil: Exsanguinate      ||     1
       End Transformatio ||     1
       Bat Form          ||     1
  Use: Potion            ||     2
       Scroll            ||     1
 Stab: Sleeping          ||     2
Armor: Leather armour    ||     3
Dodge: Dodged            ||     3

Table legend: (Time is in decaauts)
 A = Elapsed time spent in this place.
 B = Non-inter-level travel time spent in this place.
 C = Inter-level travel time spent in this place.
 D = Time resting spent in this place.
 E = Time spent auto-exploring this place.
 F = Levels seen in this place.
 G = Mean time per level.
                   A        B        C        D        E       F      G
               +--------+--------+--------+--------+--------+-----+--------+
         Total |    463 |    456 |      7 |      0 |      0 |   5 |   92.6 |
       Dungeon |    463 |    456 |      7 |      0 |      0 |   5 |   92.6 |
               +--------+--------+--------+--------+--------+-----+--------+

Top non-repeatable levels by time:
     D:6: 197 daAuts
     D:8: 112 daAuts
     D:7: 86 daAuts
     D:5: 44 daAuts
     D:4: 22 daAuts
